TOP OF THE 1ST |
Houston Hammertime batting - Pitching for District 9 Prawns : RHP Fernando Mendoza
|
Pitching: RHP Fernando Mendoza
|
|
Batting: SHB Carlos Córdova
|
0-0: SINGLE (Groundball, 4MD)
|
Batting: RHB Carlos Pérez
|
0-0: Swinging Strike Carlos Córdova is caught stealing 2nd base 0-1: Fly out, F9 (Flyball, 9S)
|
Batting: RHB John Major
|
0-0: Ball 1-0: Called Strike 1-1: Foul Ball, location: 2F 1-2: Ball 2-2: Ball 3-2: Foul Ball, location: 2F 3-2: Foul Ball, location: 2F 3-2: Foul Ball, location: 2F 3-2: Base on Balls
|
Batting: LHB Juan Cabañas
|
0-0: Called Strike 0-1: Foul Ball, location: 2F 0-2: Strikes out swinging
|
Top of the 1st over - 0 run(s), 1 hit(s), 0 error(s), 1 left on base; Houston 0 - District 9 0 |
BOTTOM OF THE 1ST |
District 9 Prawns batting - Pitching for Houston Hammertime : RHP Máximo Marín
|
Pitching: RHP Máximo Marín
|
|
Batting: LHB Donnie Cunningham
|
0-0: Ground out 6-3 (Groundball, 6M)
|
Batting: RHB José Colón
|
0-0: Ball 1-0: Foul Ball, location: 2F 1-1: Ball 2-1: Fly out, F8 (Flyball, 8LM)
|
Batting: RHB Jared Thompson
|
0-0: Foul Ball, location: 2F 0-1: Ball 1-1: Swinging Strike 1-2: Ball 2-2: Ball 3-2: SINGLE (Line Drive, 3D)
|
Batting: LHB Terry Simpson
|
0-0: Called Strike 0-1: Hit by Pitch Jared Thompson to second
|
Batting: RHB Felipe Jareño
|
0-0: Called Strike 0-1: Foul Ball, location: 2F 0-2: Foul Ball, location: 2F 0-2: Strikes out swinging
|
Bottom of the 1st over - 0 run(s), 1 hit(s), 0 error(s), 2 left on base; Houston 0 - District 9 0 |
TOP OF THE 2ND |
Houston Hammertime batting - Pitching for District 9 Prawns : RHP Fernando Mendoza
|
Batting: RHB Dan Mason
|
0-0: Ground out 4-3 (Groundball, 4)
|
Batting: RHB Alonso Holguín
|
0-0: Ball 1-0: Called Strike 1-1: Ball 2-1: Swinging Strike 2-2: Ball 3-2: Base on Balls
|
Batting: LHB António Camacho
|
0-0: Ball Alonso Holguín steals 2nd base 1-0: Swinging Strike 1-1: Foul Ball, location: 2F 1-2: Foul Ball, location: 2F 1-2: Ball 2-2: Foul Ball, location: 2F 2-2: Foul Ball, location: 2F 2-2: Ground out U3 (Groundball, 3L) Alonso Holguín to third
|
Batting: RHB Santo Cruz
|
0-0: Ground out 5-3 (Groundball, 5)
|
Top of the 2nd over - 0 run(s), 0 hit(s), 0 error(s), 1 left on base; Houston 0 - District 9 0 |
BOTTOM OF THE 2ND |
District 9 Prawns batting - Pitching for Houston Hammertime : RHP Máximo Marín
|
Batting: RHB Reynold Akker
|
0-0: Foul Ball, location: 2F 0-1: Called Strike 0-2: Fly out, F9 (Flyball, 89M)
|
Batting: LHB Mike Davis
|
0-0: Ball 1-0: Ball 2-0: Called Strike 2-1: Swinging Strike 2-2: Ball 3-2: Base on Balls
|
Batting: LHB Miguel Barrón
|
0-0: Ball 1-0: Ball 2-0: Fielders Choice at 2nd, 4-6 (Groundball, 4)
|
Batting: RHB Phil Jacobs
|
0-0: SINGLE (Line Drive, 78S) Miguel Barrón to second
|
Batting: LHB Donnie Cunningham
|
0-0: Ball 1-0: Fielders Choice at 2nd, 6-4 (Groundball, 6)
|
Bottom of the 2nd over - 0 run(s), 1 hit(s), 0 error(s), 1 left on base; Houston 0 - District 9 0 |
TOP OF THE 3RD |
Houston Hammertime batting - Pitching for District 9 Prawns : RHP Fernando Mendoza
|
Batting: RHB Ánibal Pérez
|
0-0: Ball 1-0: Foul Ball, location: 2F 1-1: Called Strike 1-2: Fly out, F8 (Flyball, 89M)
|
Batting: SHB Carlos Córdova
|
0-0: Foul Ball, location: 2F 0-1: Called Strike 0-2: Ball 1-2: Foul Ball, location: 2F 1-2: SINGLE (Groundball, 6MD)
|
Batting: RHB Carlos Pérez
|
0-0: Ball Carlos Córdova steals 2nd base 1-0: Swinging Strike 1-1: Called Strike 1-2: Ground out 6-3 (Groundball, 6M) Carlos Córdova to third
|
Batting: RHB John Major
|
0-0: Fly out, F6 (Popup, 6)
|
Top of the 3rd over - 0 run(s), 1 hit(s), 0 error(s), 1 left on base; Houston 0 - District 9 0 |
BOTTOM OF THE 3RD |
District 9 Prawns batting - Pitching for Houston Hammertime : RHP Máximo Marín
|
Batting: RHB José Colón
|
0-0: Ball 1-0: Swinging Strike 1-1: Ground out 6-3 (Groundball, 6)
|
Batting: RHB Jared Thompson
|
0-0: Ball 1-0: Called Strike 1-1: DOUBLE (Groundball, 5L)
|
Batting: LHB Terry Simpson
|
0-0: Ball 1-0: Called Strike 1-1: Called Strike 1-2: Ball 2-2: Fly out, F2 (Popup, 2R)
|
Batting: RHB Felipe Jareño
|
0-0: Ball 1-0: Foul Ball, location: 2F 1-1: Ball 2-1: Foul Ball, location: 2F 2-2: Foul Ball, location: 2F 2-2: Foul Ball, location: 2F 2-2: Ball 3-2: Strikes out swinging
|
Bottom of the 3rd over - 0 run(s), 1 hit(s), 0 error(s), 1 left on base; Houston 0 - District 9 0 |
TOP OF THE 4TH |
Houston Hammertime batting - Pitching for District 9 Prawns : RHP Fernando Mendoza
|
Batting: LHB Juan Cabañas
|
0-0: Ball 1-0: Ball 2-0: Called Strike 2-1: Ball 3-1: Foul Ball, location: 2F 3-2: Fly out, F4 (Popup, 4S)
|
Batting: RHB Dan Mason
|
0-0: Called Strike 0-1: Ball 1-1: SOLO HOME RUN (Flyball, 7D), Distance : 401 ft
|
Batting: RHB Alonso Holguín
|
0-0: Ball 1-0: Swinging Strike 1-1: Swinging Strike 1-2: Fly out, F6 (Line Drive, 6)
|
Batting: LHB António Camacho
|
0-0: Ball 1-0: Swinging Strike 1-1: Ball 2-1: Ground out 1-3 (Groundball, P)
|
Top of the 4th over - 1 run(s), 1 hit(s), 0 error(s), 0 left on base; Houston 1 - District 9 0 |
BOTTOM OF THE 4TH |
District 9 Prawns batting - Pitching for Houston Hammertime : RHP Máximo Marín
|
Batting: RHB Reynold Akker
|
0-0: Foul Ball, location: 2F 0-1: SINGLE (Groundball, 6D)
|
Batting: LHB Mike Davis
|
0-0: Called Strike 0-1: 2-RUN HOME RUN (Line Drive, 9D), Distance : 401 ft
|
Batting: LHB Miguel Barrón
|
0-0: Called Strike 0-1: Ball 1-1: Ground out U3 (Groundball, 3L)
|
Batting: RHB Phil Jacobs
|
0-0: Foul Ball, location: 2F 0-1: Ball 1-1: Swinging Strike 1-2: Ball 2-2: Foul Ball, location: 2F 2-2: Foul Ball, location: 2F 2-2: Ground out U3 (Groundball, 34S)
|
Batting: LHB Donnie Cunningham
|
0-0: Ball 1-0: DOUBLE (Groundball, 5L)
|
Batting: RHB José Colón
|
0-0: Called Strike 0-1: Foul Ball, location: 2F 0-2: Ground out 6-3 (Groundball, 6D)
|
Bottom of the 4th over - 2 run(s), 3 hit(s), 0 error(s), 1 left on base; Houston 1 - District 9 2 |
TOP OF THE 5TH |
Houston Hammertime batting - Pitching for District 9 Prawns : RHP Fernando Mendoza
|
Batting: RHB Santo Cruz
|
0-0: Foul Ball, location: 2F 0-1: Ball 1-1: Foul Ball, location: 2F 1-2: Strikes out looking
|
Batting: RHB Ánibal Pérez
|
0-0: Ball 1-0: Ball 2-0: Ball 3-0: Called Strike 3-1: Fly out, F9 (Line Drive, 89S)
|
Batting: SHB Carlos Córdova
|
0-0: Called Strike 0-1: Foul Ball, location: 2F 0-2: SINGLE (Line Drive, 8LS)
|
Batting: RHB Carlos Pérez
|
0-0: Ball 1-0: Called Strike 1-1: Ball 2-1: Ball 3-1: Base on Balls Carlos Córdova to second
|
Batting: RHB John Major
|
0-0: Called Strike 0-1: Called Strike 0-2: Ball 1-2: Foul Ball, location: 2F 1-2: Foul Ball, location: 2F 1-2: Ball 2-2: Fielders Choice at 2nd, 4-6 (Groundball, 4)
|
Top of the 5th over - 0 run(s), 1 hit(s), 0 error(s), 1 left on base; Houston 1 - District 9 2 |
BOTTOM OF THE 5TH |
District 9 Prawns batting - Pitching for Houston Hammertime : RHP Máximo Marín
|
Batting: RHB Jared Thompson
|
0-0: Ball 1-0: Ball 2-0: Ball 3-0: Base on Balls
|
Batting: LHB Terry Simpson
|
0-0: Called Strike 0-1: Ground out 4-3 (Groundball, 34D) Jared Thompson to second
|
Batting: RHB Felipe Jareño
|
0-0: Ball 1-0: Swinging Strike 1-1: Called Strike 1-2: Strikes out swinging
|
Batting: RHB Reynold Akker
|
0-0: Fly out, F7 (Line Drive, 7)
|
Bottom of the 5th over - 0 run(s), 0 hit(s), 0 error(s), 1 left on base; Houston 1 - District 9 2 |
TOP OF THE 6TH |
Houston Hammertime batting - Pitching for District 9 Prawns : RHP Fernando Mendoza
|
Pitching: RHP José Huerta
|
|
Batting: LHB Juan Cabañas
|
0-0: Ball 1-0: Called Strike 1-1: Foul Ball, location: 2F 1-2: Foul Ball, location: 2F 1-2: Ball 2-2: Foul Ball, location: 2F 2-2: Ball 3-2: Ground out 4-3 (Groundball, 4)
|
Batting: RHB Dan Mason
|
0-0: Called Strike 0-1: Foul Ball, location: 2F 0-2: Ball 1-2: Ball 2-2: Ball 3-2: Foul Ball, location: 2F 3-2: Strikes out swinging
|
Batting: RHB Alonso Holguín
|
0-0: Foul Ball, location: 2F 0-1: Ball 1-1: Foul Ball, location: 2F 1-2: Foul Ball, location: 2F 1-2: Ball 2-2: Foul Ball, location: 2F 2-2: Ball 3-2: Hit by Pitch
|
Batting: LHB António Camacho
|
0-0: Swinging Strike 0-1: Ball 1-1: Called Strike 1-2: Foul Ball, location: 2F 1-2: Foul Ball, location: 2F 1-2: Ball 2-2: Ground out 5-3 (Groundball, 5S)
|
Top of the 6th over - 0 run(s), 0 hit(s), 0 error(s), 1 left on base; Houston 1 - District 9 2 |
BOTTOM OF THE 6TH |
District 9 Prawns batting - Pitching for Houston Hammertime : RHP Máximo Marín
|
Batting: LHB Mike Davis
|
0-0: Foul Ball, location: 2F 0-1: Foul Ball, location: 2F 0-2: Ball 1-2: Foul Ball, location: 2F 1-2: Foul Ball, location: 2F 1-2: Ball 2-2: Ball 3-2: Base on Balls
|
Batting: LHB Miguel Barrón
|
0-0: Foul Ball, location: 2F 0-1: Ball 1-1: Swinging Strike 1-2: Ball 2-2: Strikes out looking
|
Batting: RHB Phil Jacobs
|
0-0: Ball 1-0: Foul Ball, location: 2F 1-1: Swinging Strike 1-2: Ball 2-2: 2-RUN HOME RUN (Flyball, 89XD), Distance : 413 ft
|
Batting: LHB Donnie Cunningham
|
0-0: Ball 1-0: Ball 2-0: Ball 3-0: Base on Balls
|
Pitching: RHP José Ortíz
|
|
Batting: RHB José Colón
|
0-0: SINGLE (Groundball, 3D) Donnie Cunningham to second Runner from 2nd tries for 3rd, SAFE, no throw
|
Batting: RHB Jared Thompson
|
0-0: Called Strike 0-1: Swinging Strike 0-2: Strikes out swinging
|
Batting: LHB Terry Simpson
|
0-0: Foul Ball, location: 2F 0-1: Ball 1-1: Called Strike 1-2: Ball 2-2: Ball 3-2: Foul Ball, location: 2F 3-2: Strikes out looking
|
Bottom of the 6th over - 2 run(s), 2 hit(s), 0 error(s), 2 left on base; Houston 1 - District 9 4 |
TOP OF THE 7TH |
Houston Hammertime batting - Pitching for District 9 Prawns : RHP José Huerta
|
Batting: RHB Santo Cruz
|
0-0: Ball 1-0: Called Strike 1-1: Ball 2-1: Fly out, F9 (Flyball, 9LS)
|
Batting: RHB Ánibal Pérez
|
0-0: Ball 1-0: Called Strike 1-1: Fly out, F9 (Flyball, 9S)
|
Batting: SHB Carlos Córdova
|
0-0: Called Strike 0-1: Ball 1-1: Ball 2-1: Ball 3-1: Base on Balls
|
Batting: RHB Carlos Pérez
|
0-0: Foul Ball, location: 2F 0-1: Ground out 4-3 (Groundball, 34)
|
Top of the 7th over - 0 run(s), 0 hit(s), 0 error(s), 1 left on base; Houston 1 - District 9 4 |
BOTTOM OF THE 7TH |
District 9 Prawns batting - Pitching for Houston Hammertime : RHP José Ortíz
|
Batting: RHB Felipe Jareño
|
0-0: Ball 1-0: Swinging Strike 1-1: Foul Ball, location: 2F 1-2: Foul Ball, location: 2F 1-2: Foul Ball, location: 2F 1-2: Strikes out swinging
|
Batting: RHB Reynold Akker
|
0-0: Called Strike 0-1: Called Strike 0-2: Foul Ball, location: 2F 0-2: Strikes out swinging
|
Batting: LHB Mike Davis
|
0-0: Foul Ball, location: 2F 0-1: Ball 1-1: Foul Ball, location: 2F 1-2: Strikes out swinging
|
Bottom of the 7th over - 0 run(s), 0 hit(s), 0 error(s), 0 left on base; Houston 1 - District 9 4 |
TOP OF THE 8TH |
Houston Hammertime batting - Pitching for District 9 Prawns : RHP José Huerta
|
Pitching: RHP Mike Stabler
|
|
Batting: RHB John Major
|
0-0: Ball 1-0: Called Strike 1-1: Foul Ball, location: 2F 1-2: Foul Ball, location: 2F 1-2: Foul Ball, location: 2F 1-2: Ball 2-2: Strikes out swinging
|
Batting: LHB Juan Cabañas
|
0-0: Called Strike 0-1: Ball 1-1: Called Strike 1-2: Fly out, F9 (Flyball, 89XD)
|
Batting: RHB Dan Mason
|
0-0: SINGLE (Line Drive, 7S)
|
Pitching: RHP Clayton Hawkins
|
|
Batting: RHB Alonso Holguín
|
0-0: Swinging Strike 0-1: Swinging Strike 0-2: Strikes out swinging
|
Top of the 8th over - 0 run(s), 1 hit(s), 0 error(s), 1 left on base; Houston 1 - District 9 4 |
BOTTOM OF THE 8TH |
District 9 Prawns batting - Pitching for Houston Hammertime : RHP José Ortíz
|
Batting: LHB Miguel Barrón
|
0-0: Called Strike 0-1: Called Strike 0-2: Strikes out swinging
|
Batting: RHB Phil Jacobs
|
0-0: Ball 1-0: Foul Ball, location: 2F 1-1: Ball 2-1: Foul Ball, location: 2F 2-2: Strikes out swinging
|
Batting: LHB Donnie Cunningham
|
0-0: Ball 1-0: Ground out 5-3 (Groundball, 56)
|
Bottom of the 8th over - 0 run(s), 0 hit(s), 0 error(s), 0 left on base; Houston 1 - District 9 4 |
TOP OF THE 9TH |
Houston Hammertime batting - Pitching for District 9 Prawns : RHP Clayton Hawkins
|
Pitching: LHP Ricardo Vega
|
|
Batting: LHB António Camacho
|
0-0: Swinging Strike 0-1: Ball 1-1: Ball 2-1: Called Strike 2-2: Ground out 5-3 (Groundball, 56)
|
Batting: RHB Santo Cruz
|
0-0: Ball 1-0: SINGLE (Line Drive, 89M)
|
Batting: RHB Ánibal Pérez
|
0-0: Fly out, F9 (Flyball, 89S)
|
Batting: SHB Carlos Córdova
|
0-0: Ball 1-0: Foul Ball, location: 2F 1-1: Ball 2-1: Called Strike 2-2: Ball 3-2: Strikes out swinging
|
Top of the 9th over - 0 run(s), 1 hit(s), 0 error(s), 1 left on base; Houston 1 - District 9 4 |
|